TOP OF THE 1ST |
Clemson Tigers batting - Pitching for Rutgers Scarlet Knights : LHP Ramiro Ameris
|
Pitching: LHP Ramiro Ameris
|
|
Batting: RHB Ricardo Medellín
|
0-0: Ball 1-0: Ball 2-0: Swinging Strike 2-1: Ball 3-1: Base on Balls
|
Batting: RHB Zach O'Kelly
|
0-0: Called Strike 0-1: Ball 1-1: Ball 2-1: Foul Ball, location: 2F 2-2: Foul Ball, location: 2F 2-2: Ground out U3 (Groundball, 34S) Ricardo Medellín to second
|
Batting: RHB Blair Charnock
|
0-0: Foul Ball, location: 2F 0-1: Ball 1-1: Ball 2-1: SINGLE (Flyball, 9LS) Ricardo Medellín to third Runner from 3rd tries for Home, SAFE, no throw
|
Batting: RHB Garth O'Flahavan
|
0-0: Swinging Strike 0-1: Ball 1-1: Swinging Strike 1-2: Ball 2-2: Foul Ball, location: 2F 2-2: Ball 3-2: SINGLE (Groundball, 6MD) Blair Charnock to second
|
Batting: RHB António Delgado
|
0-0: Foul Ball, location: 2F 0-1: Called Strike 0-2: Strikes out looking
|
Batting: SHB Michael Jones
|
0-0: Called Strike 0-1: Ball 1-1: Fly out, F9 (Flyball, 9)
|
Top of the 1st over - 1 run, 2 hits, 0 errors, 2 left on base; Clemson 1 - Rutgers 0 |
BOTTOM OF THE 1ST |
Rutgers Scarlet Knights batting - Pitching for Clemson Tigers : RHP Nacho Ortíz
|
Pitching: RHP Nacho Ortíz
|
|
Batting: RHB Grant Kelly
|
0-0: Ball 1-0: DOUBLE (Flyball, 8RD)
|
Batting: RHB Randy Guthrie
|
0-0: SINGLE (Groundball, 6S) (infield hit) Grant Kelly to third
|
Batting: RHB Roy Lovell
|
0-0: Ball 1-0: Fly out, F7 (Line Drive, 7) Runner from 3rd tags up, SCORES, throw made
|
Batting: RHB Jesús Herrera
|
0-0: Called Strike 0-1: Fly out, F7 (Flyball, 7)
|
Batting: RHB Manuel Martínez
|
0-0: Called Strike 0-1: SINGLE (Groundball, 6) (infield hit) Randy Guthrie to second
|
Batting: LHB Dennis Montgomery
|
0-0: Ball 1-0: Ball 2-0: Called Strike 2-1: SINGLE (Groundball, 56D) Randy Guthrie to third Manuel Martínez to second Runner from 3rd tries for Home, SAFE, no throw
|
Batting: RHB Ben Baker
|
0-0: DOUBLE (Line Drive, 9LS) Manuel Martínez scores Dennis Montgomery to third
|
Batting: LHB Andre Montgomery
|
0-0: Called Strike 0-1: Ball 1-1: Ball 2-1: SINGLE (Line Drive, 78M) Dennis Montgomery scores Ben Baker to third Runner from 3rd tries for Home, SAFE, no throw
|
Batting: SHB Erwin Dwyer
|
0-0: Ball 1-0: Ground out U3 (Groundball, 34S)
|
Bottom of the 1st over - 5 runs, 6 hits, 0 errors, 1 left on base; Clemson 1 - Rutgers 5 |
TOP OF THE 2ND |
Clemson Tigers batting - Pitching for Rutgers Scarlet Knights : LHP Ramiro Ameris
|
Batting: RHB Brian Childers
|
0-0: Ball 1-0: Ball 2-0: Called Strike 2-1: Ball 3-1: Base on Balls
|
Batting: SHB Brent Boswell
|
0-0: Called Strike 0-1: Ground out 5-3 (Groundball, 56S) Brian Childers to second
|
Batting: LHB Jack Heinsohn
|
0-0: Ball 1-0: Ball 2-0: Ball 3-0: Base on Balls
|
Batting: RHB Ricardo Medellín
|
0-0: Ball 1-0: Swinging Strike 1-1: Ball 2-1: Called Strike 2-2: Strikes out swinging
|
Batting: RHB Zach O'Kelly
|
0-0: Called Strike 0-1: Ball 1-1: Fly out, F7 (Flyball, 7LS)
|
Top of the 2nd over - 0 runs, 0 hits, 0 errors, 2 left on base; Clemson 1 - Rutgers 5 |
BOTTOM OF THE 2ND |
Rutgers Scarlet Knights batting - Pitching for Clemson Tigers : RHP Nacho Ortíz
|
Batting: RHB Grant Kelly
|
0-0: Called Strike 0-1: Ball 1-1: SINGLE (Line Drive, 8LS)
|
Batting: RHB Randy Guthrie
|
0-0: Ball 1-0: Ball 2-0: Fly out, F2 (Popup, 23F)
|
Batting: RHB Roy Lovell
|
0-0: Ball 1-0: Swinging Strike 1-1: Foul Ball, location: 2F 1-2: Ball 2-2: Foul Ball, location: 2F 2-2: Strikes out looking
|
Batting: RHB Jesús Herrera
|
0-0: Foul Ball, location: 2F 0-1: Ball 1-1: Ball 2-1: Fly out, F8 (Flyball, 8RD)
|
Bottom of the 2nd over - 0 runs, 1 hit, 0 errors, 1 left on base; Clemson 1 - Rutgers 5 |
TOP OF THE 3RD |
Clemson Tigers batting - Pitching for Rutgers Scarlet Knights : LHP Ramiro Ameris
|
Batting: RHB Blair Charnock
|
0-0: Ball 1-0: Ball 2-0: Foul Ball, location: 2F 2-1: Called Strike 2-2: Ball 3-2: Fly out, F7 (Flyball, 7LS)
|
Batting: RHB Garth O'Flahavan
|
0-0: Ball 1-0: Called Strike 1-1: Ball 2-1: Foul Ball, location: 2F 2-2: Ground out 6-3 (Groundball, 6)
|
Batting: RHB António Delgado
|
0-0: Ball 1-0: Called Strike 1-1: Ball 2-1: Ball 3-1: Base on Balls
|
Batting: SHB Michael Jones
|
0-0: Ball 1-0: Ball 2-0: Fly out, F7 (Flyball, 78M)
|
Top of the 3rd over - 0 runs, 0 hits, 0 errors, 1 left on base; Clemson 1 - Rutgers 5 |
BOTTOM OF THE 3RD |
Rutgers Scarlet Knights batting - Pitching for Clemson Tigers : RHP Luis Wilson
|
Pitching: RHP Luis Wilson
|
|
Batting: RHB Manuel Martínez
|
0-0: Ball 1-0: Ball 2-0: Foul Ball, location: 2F 2-1: Foul Ball, location: 2F 2-2: Foul Ball, location: 2F 2-2: Foul Ball, location: 2F 2-2: Strikes out swinging
|
Batting: LHB Dennis Montgomery
|
0-0: Ground out 6-3 (Groundball, 6)
|
Batting: RHB Ben Baker
|
0-0: DOUBLE (Flyball, 78D)
|
Batting: LHB Andre Montgomery
|
0-0: Swinging Strike 0-1: SINGLE (Line Drive, 89S) Ben Baker to third
|
Batting: SHB Erwin Dwyer
|
0-0: Ball 1-0: SINGLE (Line Drive, 7LS) Ben Baker scores Andre Montgomery to second
|
Batting: RHB Grant Kelly
|
0-0: Called Strike 0-1: Ground out 5-3 (Groundball, 56S)
|
Bottom of the 3rd over - 1 run, 3 hits, 0 errors, 2 left on base; Clemson 1 - Rutgers 6 |
TOP OF THE 4TH |
Clemson Tigers batting - Pitching for Rutgers Scarlet Knights : LHP Ramiro Ameris
|
Batting: RHB Brian Childers
|
0-0: Called Strike 0-1: Ball 1-1: Called Strike 1-2: Ball 2-2: Strikes out swinging
|
Batting: SHB Brent Boswell
|
0-0: Ball 1-0: Ball 2-0: Ground out 5-3 (Groundball, 5)
|
Batting: LHB Jack Heinsohn
|
0-0: Ball 1-0: Swinging Strike 1-1: Ball 2-1: Ball 3-1: Called Strike 3-2: Strikes out looking
|
Top of the 4th over - 0 runs, 0 hits, 0 errors, 0 left on base; Clemson 1 - Rutgers 6 |
BOTTOM OF THE 4TH |
Rutgers Scarlet Knights batting - Pitching for Clemson Tigers : RHP Luis Wilson
|
Batting: RHB Randy Guthrie
|
0-0: Swinging Strike 0-1: Called Strike 0-2: Foul Ball, location: 2F 0-2: Foul Ball, location: 2F 0-2: Ball 1-2: Ground out U3 (Groundball, 3L)
|
Batting: RHB Roy Lovell
|
0-0: Ball 1-0: Ball 2-0: Foul Ball, location: 2F 2-1: Foul Ball, location: 2F 2-2: Ground out 4-3 (Groundball, 4)
|
Batting: RHB Jesús Herrera
|
0-0: Ball 1-0: Ball 2-0: Ball 3-0: Base on Balls
|
Batting: RHB Manuel Martínez
|
0-0: Ball 1-0: Called Strike 1-1: Foul Ball, location: 2F 1-2: Ground out 5-3 (Groundball, 25)
|
Bottom of the 4th over - 0 runs, 0 hits, 0 errors, 1 left on base; Clemson 1 - Rutgers 6 |
TOP OF THE 5TH |
Clemson Tigers batting - Pitching for Rutgers Scarlet Knights : LHP Ramiro Ameris
|
Pitching: RHP Miguel Rojas
|
|
Batting: RHB Ricardo Medellín
|
0-0: Foul Ball, location: 2F 0-1: Ball 1-1: Hit by Pitch
|
Batting: RHB Zach O'Kelly
|
0-0: Foul Ball, location: 2F 0-1: Foul Ball, location: 2F 0-2: Strikes out swinging
|
Batting: RHB Blair Charnock
|
0-0: Ball 1-0: Foul Ball, location: 2F 1-1: Swinging Strike Passed Ball! Ricardo Medellín to second 1-2: Strikes out swinging
|
Batting: RHB Garth O'Flahavan
|
0-0: Ball 1-0: Ball 2-0: Called Strike 2-1: Swinging Strike 2-2: Fly out, F6 (Popup, 6MD)
|
Top of the 5th over - 0 runs, 0 hits, 0 errors, 1 left on base; Clemson 1 - Rutgers 6 |
BOTTOM OF THE 5TH |
Rutgers Scarlet Knights batting - Pitching for Clemson Tigers : RHP Luis Wilson
|
Batting: LHB Dennis Montgomery
|
0-0: Called Strike 0-1: Swinging Strike 0-2: Ball 1-2: Strikes out swinging
|
Batting: RHB Ben Baker
|
0-0: Fly out, F9 (Flyball, 9S)
|
Batting: LHB Andre Montgomery
|
0-0: Ball 1-0: Ball 2-0: Ball 3-0: Called Strike 3-1: Foul Ball, location: 2F 3-2: Fly out, F8 (Flyball, 8LS)
|
Bottom of the 5th over - 0 runs, 0 hits, 0 errors, 0 left on base; Clemson 1 - Rutgers 6 |
TOP OF THE 6TH |
Clemson Tigers batting - Pitching for Rutgers Scarlet Knights : RHP Miguel Rojas
|
Batting: RHB António Delgado
|
0-0: Called Strike 0-1: Ball 1-1: SINGLE (Line Drive, 6D)
|
Batting: SHB Michael Jones
|
0-0: Ball 1-0: Ball 2-0: Called Strike 2-1: Swinging Strike 2-2: Strikes out swinging
|
Batting: RHB Brian Childers
|
0-0: Called Strike 0-1: Ball 1-1: Foul Ball, location: 2F 1-2: Foul Ball, location: 2F 1-2: Ball 2-2: Strikes out looking
|
Batting: SHB Brent Boswell
|
0-0: Ball 1-0: SINGLE (Line Drive, 78S) António Delgado to second
|
Batting: LHB Jack Heinsohn
|
0-0: Swinging Strike 0-1: Called Strike 0-2: Ball 1-2: Ball 2-2: Ball 3-2: Foul Ball, location: 2F 3-2: Base on Balls António Delgado to third Brent Boswell to second
|
Batting: RHB Ricardo Medellín
|
0-0: Called Strike 0-1: SINGLE (Groundball, 4M) (infield hit) António Delgado scores Brent Boswell to third Jack Heinsohn to second
|
Batting: RHB Zach O'Kelly
|
0-0: Ball 1-0: Ball 2-0: Swinging Strike 2-1: Swinging Strike 2-2: Strikes out looking
|
Top of the 6th over - 1 run, 3 hits, 0 errors, 3 left on base; Clemson 2 - Rutgers 6 |
BOTTOM OF THE 6TH |
Rutgers Scarlet Knights batting - Pitching for Clemson Tigers : RHP Luis Wilson
|
Batting: SHB Erwin Dwyer
|
0-0: Called Strike 0-1: SOLO HOME RUN (Flyball, 9D), Distance : 369 ft
|
Batting: RHB Grant Kelly
|
0-0: Foul Ball, location: 2F 0-1: Foul Ball, location: 2F 0-2: Ball 1-2: Ball 2-2: Foul Ball, location: 2F 2-2: Foul Ball, location: 2F 2-2: Ball 3-2: Foul Ball, location: 2F 3-2: Base on Balls
|
Batting: RHB Randy Guthrie
|
0-0: SINGLE (Flyball, 8RS) Grant Kelly to second
|
Batting: RHB Roy Lovell
|
0-0: Called Strike 0-1: Hit by Pitch Grant Kelly to third Randy Guthrie to second
|
Batting: RHB Jesús Herrera
|
0-0: Ball 1-0: Called Strike 1-1: Ball 2-1: Ball 3-1: Called Strike 3-2: Base on Balls Grant Kelly scores Randy Guthrie to third Roy Lovell to second
|
Pitching: RHP Ramón García
|
|
Batting: RHB Manuel Martínez
|
0-0: Swinging Strike 0-1: Called Strike 0-2: Ball 1-2: Ball 2-2: Strikes out swinging
|
Batting: LHB Dennis Montgomery
|
0-0: Fly out, F9 (Flyball, 9) Runner from 3rd tags up, OUT at HOME
|
Bottom of the 6th over - 2 runs, 2 hits, 0 errors, 2 left on base; Clemson 2 - Rutgers 8 |
TOP OF THE 7TH |
Clemson Tigers batting - Pitching for Rutgers Scarlet Knights : RHP Miguel Rojas
|
Batting: RHB Blair Charnock
|
0-0: Called Strike 0-1: Called Strike 0-2: Strikes out swinging
|
Batting: RHB Garth O'Flahavan
|
0-0: Ball 1-0: Foul Ball, location: 2F 1-1: Ball 2-1: Foul Ball, location: 2F 2-2: Ball 3-2: Foul Ball, location: 2F 3-2: Base on Balls
|
Batting: RHB António Delgado
|
0-0: SINGLE (Flyball, 7LM) Garth O'Flahavan to second
|
Pitching: RHP Brad Saunders
|
|
Batting: SHB Michael Jones
|
0-0: Foul Ball, location: 2F 0-1: Fly out, F9 (Flyball, 9D) Runner from 2nd tags up, SAFE at 3rd, no throw
|
Batting: RHB Brian Childers
|
0-0: Ball 1-0: Ball 2-0: Called Strike 2-1: SINGLE (Flyball, 89M) Garth O'Flahavan scores António Delgado to second Runner from 2nd tries for 3rd, SAFE, no throw
|
Batting: SHB Brent Boswell
|
0-0: Ball 1-0: Ball 2-0: Called Strike 2-1: Called Strike 2-2: Foul Ball, location: 2F 2-2: Foul Ball, location: 2F 2-2: Foul Ball, location: 2F 2-2: Strikes out swinging
|
Top of the 7th over - 1 run, 2 hits, 0 errors, 2 left on base; Clemson 3 - Rutgers 8 |
BOTTOM OF THE 7TH |
Rutgers Scarlet Knights batting - Pitching for Clemson Tigers : RHP Ramón García
|
Batting: RHB Ben Baker
|
0-0: Ball 1-0: Ball 2-0: Ball 3-0: Base on Balls
|
Batting: LHB Andre Montgomery
|
0-0: TRIPLE (Flyball, 89XD) Ben Baker scores
|
Batting: SHB Erwin Dwyer
|
0-0: Called Strike 0-1: Ball 1-1: Ball 2-1: Called Strike 2-2: Ball 3-2: Base on Balls
|
Batting: RHB Grant Kelly
|
0-0: Called Strike 0-1: Ball 1-1: Ball 2-1: Foul Ball, location: 2F 2-2: Foul Ball, location: 2F 2-2: Ball 3-2: Strikes out looking
|
Batting: RHB Randy Guthrie
|
0-0: Ball 1-0: Ball 2-0: Foul Ball, location: 2F 2-1: Swinging Strike 2-2: Strikes out swinging
|
Batting: RHB Roy Lovell
|
0-0: Called Strike 0-1: Ball 1-1: SINGLE (Groundball, 34S) (infield hit) Andre Montgomery scores Erwin Dwyer to second
|
Batting: RHB Jesús Herrera
|
0-0: Called Strike 0-1: Ball 1-1: Swinging Strike 1-2: Fly out, F5 (Line Drive, 56)
|
Bottom of the 7th over - 2 runs, 2 hits, 0 errors, 2 left on base; Clemson 3 - Rutgers 10 |
TOP OF THE 8TH |
Clemson Tigers batting - Pitching for Rutgers Scarlet Knights : RHP Brad Saunders
|
Batting: LHB Jack Heinsohn
|
0-0: Ball 1-0: Called Strike 1-1: Ball 2-1: Ball 3-1: Foul Ball, location: 2F 3-2: Base on Balls
|
Batting: RHB Ricardo Medellín
|
0-0: Ball 1-0: Swinging Strike 1-1: Swinging Strike 1-2: Ball 2-2: Ball 3-2: Foul Ball, location: 2F 3-2: Base on Balls Jack Heinsohn to second
|
Batting: RHB Zach O'Kelly
|
0-0: Called Strike 0-1: Ball 1-1: Ball 2-1: Foul Ball, location: 2F 2-2: Foul Ball, location: 2F 2-2: Foul Ball, location: 2F 2-2: Ball 3-2: Strikes out swinging
|
Batting: RHB Blair Charnock
|
0-0: Ball 1-0: Foul Ball, location: 2F 1-1: Ball 2-1: Foul Ball, location: 2F 2-2: Strikes out swinging
|
Batting: RHB Garth O'Flahavan
|
0-0: Reached on error, E5 (Groundball, 56) Jack Heinsohn to third Ricardo Medellín to second
|
Batting: RHB António Delgado
|
0-0: Ball 1-0: SINGLE (Flyball, 8LS) Jack Heinsohn scores Ricardo Medellín to third Garth O'Flahavan to second Runner from 3rd tries for Home, SAFE, no throw
|
Batting: SHB Michael Jones
|
0-0: Called Strike 0-1: Ball Wild Pitch! Garth O'Flahavan to third António Delgado to second 1-1: Hit by Pitch
|
Batting: RHB Brian Childers
|
0-0: Ball 1-0: Called Strike 1-1: Ball 2-1: Called Strike 2-2: Ball 3-2: Strikes out swinging
|
Top of the 8th over - 2 runs, 1 hit, 1 error, 3 left on base; Clemson 5 - Rutgers 10 |
BOTTOM OF THE 8TH |
Rutgers Scarlet Knights batting - Pitching for Clemson Tigers : RHP Ramón García
|
Batting: RHB Manuel Martínez
|
0-0: Swinging Strike 0-1: Swinging Strike 0-2: Ball 1-2: SINGLE (Flyball, 9LS)
|
Batting: LHB Dennis Montgomery
|
0-0: Ball 1-0: Ball 2-0: Called Strike 2-1: Ball 3-1: Base on Balls Manuel Martínez to second
|
Batting: RHB Ben Baker
|
0-0: Fly out, F4 (Line Drive, 4)
|
Batting: LHB Andre Montgomery
|
0-0: Called Strike 0-1: Foul Ball, location: 2F 0-2: Strikes out looking
|
Batting: SHB Erwin Dwyer
|
0-0: Ball 1-0: Ball 2-0: Ball 3-0: Base on Balls Manuel Martínez to third Dennis Montgomery to second
|
Batting: RHB Grant Kelly
|
0-0: Fielders Choice at 2nd, 6-4 (Groundball, 6)
|
Bottom of the 8th over - 0 runs, 1 hit, 0 errors, 3 left on base; Clemson 5 - Rutgers 10 |
TOP OF THE 9TH |
Clemson Tigers batting - Pitching for Rutgers Scarlet Knights : RHP Brad Saunders
|
Now at C: Michael Lee
|
|
Batting: SHB Brent Boswell
|
0-0: SINGLE (Groundball, 34D)
|
Batting: LHB Jack Heinsohn
|
0-0: Ball 1-0: Ball 2-0: Foul Ball, location: 2F 2-1: Foul Ball, location: 2F 2-2: Foul Ball, location: 2F 2-2: Strikes out swinging
|
Pitching: RHP Michael O'Rorke
|
|
Batting: RHB Ricardo Medellín
|
0-0: Ball 1-0: Ball 2-0: Swinging Strike 2-1: Fly out, F9 (Flyball, 9LMF)
|
Batting: RHB Zach O'Kelly
|
0-0: Ball 1-0: Swinging Strike Passed Ball! Brent Boswell to second 1-1: Ball 2-1: Swinging Strike 2-2: Strikes out swinging
|
Top of the 9th over - 0 runs, 1 hit, 0 errors, 1 left on base; Clemson 5 - Rutgers 10 |
|